Sharks vs Rangers
(R1)
Created - 6 avril 2014 at 22:30
Goals
|
| Sharks |
0 |
3 |
0 |
0 |
1 |
4 |
| Rangers |
1 |
0 |
2 |
0 |
0 |
3 |
|
Shots
|
| Sharks |
9 |
12 |
6 |
1 |
3 |
28 |
| Rangers |
11 |
11 |
12 |
2 |
3 |
36 |
|
1st period
1. Rangers , Patrick Sharp 31 (Bryan Berard, Patrice Bergeron) at 17:12
Penalties :
Filip Kuba (SJS) for Interference (Minor) at 11:28, Mikko Koivu (SJS) for Hooking (Minor) at 14:21
2nd period
2. Sharks , Dany Heatley 37 (Teemu Selanne, Henrik Sedin) at 10:47 (PP)
3. Sharks , Martin Samuelsson 11 (Shaone Morrisonn, Alex Pietrangelo) at 12:43
4. Sharks , Mikko Koivu 25 (Daniel Sedin) at 17:26
Penalties :
Filip Kuba (SJS) for Tripping (Minor) at 4:57, Teemu Selanne (SJS) for Roughing (Minor) at 7:32, Drew Stafford (NYR) for Tripping (Minor) at 10:35, Henrik Sedin (SJS) for Cross-checking (Minor) at 12:56, Kimmo Timonen (NYR) for Cross-checking (Minor) at 12:59
3rd period
5. Rangers , Kimmo Timonen 7 (Dustin Brown, Milan Lucic) at 3:05 (PP)
6. Rangers , Patrice Bergeron 32 (Drew Stafford, Patrick Sharp) at 7:17
Penalties :
Nikolai Zherdev (SJS) for Slashing (Minor) at 1:47, Drew Stafford (NYR) for Holding (Minor) at 3:28, Kimmo Timonen (NYR) for Interference (Minor) at 3:50, Patrice Bergeron (NYR) for Hooking (Minor) at 11:37, Alex Pietrangelo (SJS) for High sticking (Minor) at 15:01, Matt Read (NYR) for Tripping (Minor) at 17:24
Overtime #1
No Goal
Penalties :
No Penalty
Shootout
Penalty Shot by Teemu Selanne for Sharks - Shot Misses the Net
Penalty Shot by Brad Richards for Rangers - Stopped by Martin Biron
Penalty Shot by Dany Heatley for Sharks - Goal!
Penalty Shot by Milan Lucic for Rangers - Stopped by Martin Biron
Penalty Shot by Daniel Sedin for Sharks - Shot Misses the Net
Penalty Shot by Patrick Sharp for Rangers - Shot Misses the Net
Penalties :
No Penalty
Goalie Stats
Martin Biron (SJS), 33 saves from 36 shots - (0,917), W, 16-8-5, 65:00 minutes
Henrik Lundqvist (NYR), 25 saves from 28 shots - (0,893), OTL, 29-24-8, 65:00 minutes
Players Stats for Sharks
Player Name G A P +/- PIM S H SB GA TA FO MP PP MP PK MP
------------------------------------------------------------------------------------
Adam Mair 0 0 0 0 0 3 0 1 0 0 4/6 10:14 0:01 0:49
Adam Pardy 0 0 0 0 0 0 0 0 0 0 0/0 10:52 0:44 1:55
Alex Pietrangelo 0 1 1 0 2 3 0 0 0 0 0/0 18:58 2:05 0:00
Daniel Sedin 0 1 1 0 0 2 1 0 1 0 0/1 23:37 2:47 6:18
Dany Heatley 1 0 1 -1 0 3 0 0 1 1 2/3 25:08 3:46 4:14
David Hale 0 0 0 0 0 0 3 1 0 1 0/0 12:57 0:00 4:35
David Krejci 0 0 0 1 0 0 0 1 0 0 0/0 6:08 0:00 0:00
Filip Kuba 0 0 0 0 4 3 1 1 1 1 0/0 28:33 4:29 2:40
Henrik Sedin 0 1 1 -1 2 4 1 2 0 0 24/45 26:58 3:49 5:46
Ian Laperriere 0 0 0 0 0 0 2 0 0 0 0/1 14:06 0:01 2:17
Joni Pitkanen 0 0 0 0 0 1 0 3 0 0 0/0 32:21 3:45 6:41
Martin Samuelsson 1 0 1 1 0 2 0 0 0 0 0/0 6:23 0:00 0:31
Matt Moulson 0 0 0 0 0 0 0 0 0 0 0/3 10:38 0:04 0:00
Mikko Koivu 1 0 1 0 2 3 0 0 0 0 8/14 15:13 2:44 0:00
Nikolai Zherdev 0 0 0 1 2 1 1 0 0 1 0/0 8:21 2:44 0:00
Shaone Morrisonn 0 1 1 0 0 0 2 3 1 0 0/0 26:23 2:05 6:41
Sheldon Keefe 0 0 0 0 0 0 2 0 0 0 0/1 8:28 0:00 0:00
Teemu Selanne 0 1 1 -1 2 3 2 0 0 0 0/0 21:23 3:46 2:37
Players Stats for Rangers
Player Name G A P +/- PIM S H SB GA TA FO MP PP MP PK MP
------------------------------------------------------------------------------------
Alexandre Burrows 0 0 0 0 0 0 0 0 0 0 1/1 10:41 0:18 0:42
Brad Richards 0 0 0 -1 0 5 3 1 0 0 19/43 27:38 6:19 3:53
Bryan Berard 0 1 1 1 0 1 0 1 0 1 0/0 22:05 3:46 3:11
Byron Ritchie 0 0 0 0 0 1 0 1 0 0 0/2 9:24 0:00 1:52
Cam Barker 0 0 0 0 0 3 1 3 1 2 0/0 32:19 7:30 3:38
Drew Stafford 0 1 1 1 4 2 0 0 0 0 0/0 15:15 4:39 0:02
Dustin Brown 0 1 1 -1 0 6 0 0 2 0 0/0 20:00 6:19 0:00
Igor Radulov 0 0 0 0 0 2 1 0 0 0 0/0 6:29 0:00 0:00
Kimmo Timonen 1 0 1 -1 4 3 0 4 1 0 0/0 30:31 7:29 2:20
Kyle McLaren 0 0 0 1 0 0 1 1 0 0 0/0 22:55 3:46 2:56
Mark Fistric 0 0 0 -1 0 0 1 1 0 0 0/0 11:59 0:00 1:00
Matt Greene 0 0 0 0 0 0 2 1 0 0 0/0 11:22 0:00 0:02
Matt Read 0 0 0 0 2 0 0 0 0 0 0/0 8:09 0:00 0:00
Mikko Lehtonen 0 0 0 0 0 0 0 0 0 0 0/1 6:25 0:18 0:00
Milan Lucic 0 1 1 -1 0 3 1 0 0 0 1/2 28:21 6:19 3:30
Patrice Bergeron 1 1 2 1 2 4 1 0 0 1 13/21 18:15 4:39 0:30
Patrick Sharp 1 1 2 1 0 5 2 1 0 0 0/0 18:21 4:39 1:02
Valtteri Filppula 0 0 0 0 0 1 1 0 0 0 2/4 9:38 0:18 0:00
3 Stars
1 - Patrick Sharp (NYR)
2 - Patrice Bergeron (NYR)
3 - Martin Samuelsson (SJS)
Power Play
Sharks - 1 on 6 Attempt(s) - 16,67%
Rangers - 1 on 7 Attempt(s) - 14,29%
Penalty Kill
Sharks - 6 on 7 Attempt(s) - 85,71%
- Score 0 goal in Penalty Kill
Rangers - 5 on 6 Attempt(s) - 83,33%
- Score 0 goal in Penalty Kill
Official
Referees : Sutherland Kelly and O'Rourke Dan
Linesman : Dan Schachte and Shane Heyer
Game Notes
No Game Note
Finance
Level 1 -- Attendance: 4187 (69,78%) -- Ticket Income 376 830 $
Level 2 -- Attendance: 3611 (72,22%) -- Ticket Income 198 605 $
Level 3 -- Attendance: 1910 (95,50%) -- Ticket Income 57 300 $
Level 4 -- Attendance: 3032 (75,80%) -- Ticket Income 60 640 $
Luxury Box -- Attendance: 800 (80,00%) -- Ticket Income 140 000 $
Game was played at the Madison Square Garden
Total Attendance: 13540 (75,22%)
Total Ticket Income: 833 375 $
Other Income: 125 006 $
Total Income: 958 381 $
Sharks
5 vs 5 Forward
Center Left Wing Right Wing Time % Phy DF OF
1 Henrik Sedin Dany Heatley Teemu Selanne 40 1 2 2
2 Mikko Koivu Daniel Sedin Ian Laperriere 30 1 2 2
3 Adam Mair Matt Moulson Sheldon Keefe 20 1 2 2
4 David Krejci Martin Samuelsson Nikolai Zherdev 10 1 3 1
5 vs 5 Defense
Defense Defense Time % Phy DF OF
1 Joni Pitkanen Filip Kuba 40 1 2 2
2 Shaone Morrisonn Alex Pietrangelo 30 1 2 2
3 David Hale Adam Pardy 20 1 2 2
4 Joni Pitkanen Filip Kuba 10 1 2 2
PowerPlay Forward
Center Left Wing Right Wing Time % Phy DF OF
1 Henrik Sedin Dany Heatley Teemu Selanne 60 1 1 3
2 Mikko Koivu Daniel Sedin Nikolai Zherdev 40 1 1 3
PowerPlay Defense
Defense Defense Time % Phy DF OF
1 Joni Pitkanen Filip Kuba 60 1 2 2
2 Shaone Morrisonn Alex Pietrangelo 40 1 2 2
Penalty Kill 4 Players Forward
Center Wing Time % Phy DF OF
1 Henrik Sedin Daniel Sedin 60 1 4 0
2 Dany Heatley Teemu Selanne 40 1 4 0
Penalty Kill 4 Players Defense
Defense Defense Time % Phy DF OF
1 Joni Pitkanen Shaone Morrisonn 60 1 4 0
2 Filip Kuba David Hale 40 1 4 0
Penalty Kill - 3 Players Forward
Forward Time % Phy DF OF
1 Dany Heatley 60 0 5 0
2 Daniel Sedin 40 0 5 0
Penalty Kill - 3 Players Defense
Defense Defense Time % Phy DF OF
1 Joni Pitkanen Shaone Morrisonn 60 0 5 0
2 Filip Kuba David Hale 40 0 5 0
4 vs 4 Forward
Center Wing Time % Phy DF OF
1 Henrik Sedin Daniel Sedin 60 1 2 2
2 Mikko Koivu Dany Heatley 40 1 2 2
4 vs 4 Defense
Defense Defense Time % Phy DF OF
1 Joni Pitkanen Filip Kuba 60 1 2 2
2 Shaone Morrisonn Alex Pietrangelo 40 1 2 2
Last Minutes Offensive
Center Left Wing Right Wing Defense Defense
Henrik Sedin Dany Heatley Teemu Selanne Joni Pitkanen Alex Pietrangelo
Last Minutes Defensive
Center Left Wing Right Wing Defense Defense
Henrik Sedin Dany Heatley Ian Laperriere Joni Pitkanen Filip Kuba
Goaltenders
Starting : Martin Biron
Backup : Jimmy Howard
Extra Forwards
Normal : Matt Moulson, Ian Laperriere, David Krejci - PP : Adam Mair, Matt Moulson - PK : Ian Laperriere
Extra Defensemen
Normal : Adam Pardy, Shaone Morrisonn, Alex Pietrangelo - PP : Alex Pietrangelo - PK : Shaone Morrisonn, Adam Pardy
Penalty Shots
Teemu Selanne, Dany Heatley, Daniel Sedin, Mikko Koivu, Henrik Sedin
Rangers
5 vs 5 Forward
Center Left Wing Right Wing Time % Phy DF OF
1 Brad Richards Milan Lucic Dustin Brown 40 1 2 2
2 Patrice Bergeron Patrick Sharp Drew Stafford 30 1 2 2
3 Valtteri Filppula Alexandre Burrows Matt Read 20 1 2 2
4 Byron Ritchie Igor Radulov Mikko Lehtonen 10 1 2 2
5 vs 5 Defense
Defense Defense Time % Phy DF OF
1 Cam Barker Kimmo Timonen 40 1 2 2
2 Kyle McLaren Bryan Berard 30 1 2 2
3 Matt Greene Mark Fistric 20 1 2 2
4 Cam Barker Kimmo Timonen 10 1 2 2
PowerPlay Forward
Center Left Wing Right Wing Time % Phy DF OF
1 Brad Richards Milan Lucic Dustin Brown 60 1 2 2
2 Patrice Bergeron Patrick Sharp Drew Stafford 40 1 2 2
PowerPlay Defense
Defense Defense Time % Phy DF OF
1 Cam Barker Kimmo Timonen 60 1 2 2
2 Kyle McLaren Bryan Berard 40 1 2 2
Penalty Kill 4 Players Forward
Center Wing Time % Phy DF OF
1 Brad Richards Milan Lucic 60 1 2 2
2 Patrick Sharp Patrice Bergeron 40 1 2 2
Penalty Kill 4 Players Defense
Defense Defense Time % Phy DF OF
1 Cam Barker Kimmo Timonen 60 1 2 2
2 Kyle McLaren Bryan Berard 40 1 2 2
Penalty Kill - 3 Players Forward
Forward Time % Phy DF OF
1 Brad Richards 60 1 2 2
2 Milan Lucic 40 1 2 2
Penalty Kill - 3 Players Defense
Defense Defense Time % Phy DF OF
1 Cam Barker Kimmo Timonen 60 1 2 2
2 Kyle McLaren Bryan Berard 40 1 2 2
4 vs 4 Forward
Center Wing Time % Phy DF OF
1 Brad Richards Milan Lucic 60 1 2 2
2 Patrick Sharp Patrice Bergeron 40 1 2 2
4 vs 4 Defense
Defense Defense Time % Phy DF OF
1 Cam Barker Kimmo Timonen 60 1 2 2
2 Kyle McLaren Bryan Berard 40 1 2 2
Last Minutes Offensive
Center Left Wing Right Wing Defense Defense
Brad Richards Milan Lucic Dustin Brown Cam Barker Kimmo Timonen
Last Minutes Defensive
Center Left Wing Right Wing Defense Defense
Brad Richards Milan Lucic Dustin Brown Cam Barker Kimmo Timonen
Goaltenders
Starting : Henrik Lundqvist
Backup : Hannu Toivonen
Extra Forwards
Normal : Alexandre Burrows, Valtteri Filppula, Byron Ritchie - PP : Alexandre Burrows, Valtteri Filppula - PK : Byron Ritchie
Extra Defensemen
Normal : Matt Greene, Mark Fistric, Kyle McLaren - PP : Matt Greene - PK : Mark Fistric, Kyle McLaren
Penalty Shots
Brad Richards, Milan Lucic, Patrick Sharp, Patrice Bergeron, Dustin Brown
% Time on Ice - Sharks
Lines # - Real PCT - Wanted PCT - Time Play
Normal Forward
1 - 37% - 40% - 14:56
2 - 27% - 30% - 11:03
3 - 21% - 20% - 8:28
4 - 14% - 10% - 5:47
Normal Defense
1 - 42% - 40% - 16:45
2 - 36% - 30% - 14:18
3 - 20% - 20% - 8:12
4 - 2% - 10% - 0:59
PP Forward
1 - 58% - 60% - 3:50
2 - 42% - 40% - 2:44
PP Defense
1 - 68% - 60% - 4:29
2 - 32% - 40% - 2:05
PK Forward
1 - 68% - 60% - 7:43
2 - 32% - 40% - 3:33
PK Defense
1 - 59% - 60% - 6:41
2 - 41% - 40% - 4:35
PK3 Forward
1 - 0% - 60%
2 - 0% - 40%
PK3 Defense
1 - 0% - 60%
2 - 0% - 40%
44 Forward
1 - 78% - 60% - 5:23
2 - 22% - 40% - 1:33
44 Defense
1 - 63% - 60% - 4:22
2 - 37% - 40% - 2:34
Last Minute Offensive - 0:00
Last Minute Defensive - 0:00
Total
Forward - 65:00
Defense - 65:00
|
% Time on Ice - Rangers
Lines # - Real PCT - Wanted PCT - Time Play
Normal Forward
1 - 39% - 40% - 15:30
2 - 26% - 30% - 10:36
3 - 20% - 20% - 8:08
4 - 15% - 10% - 6:00
Normal Defense
1 - 41% - 40% - 16:37
2 - 31% - 30% - 12:22
3 - 24% - 20% - 9:46
4 - 4% - 10% - 1:29
PP Forward
1 - 59% - 60% - 6:37
2 - 41% - 40% - 4:39
PP Defense
1 - 67% - 60% - 7:30
2 - 33% - 40% - 3:46
PK Forward
1 - 79% - 60% - 3:55
2 - 21% - 40% - 1:02
PK Defense
1 - 56% - 60% - 2:46
2 - 44% - 40% - 2:11
PK3 Forward
1 - 80% - 60% - 1:18
2 - 20% - 40% - 0:19
PK3 Defense
1 - 70% - 60% - 1:08
2 - 30% - 40% - 0:29
44 Forward
1 - 70% - 60% - 4:52
2 - 30% - 40% - 2:04
44 Defense
1 - 60% - 60% - 4:10
2 - 40% - 40% - 2:46
Last Minute Offensive - 0:00
Last Minute Defensive - 0:00
Total
Forward - 65:00
Defense - 65:00
|
Play by Play
1st period
0:01 of 1st period - Henrik Sedin wins face-off versus Brad Richards in neutral zone.
0:06 of 1st period - Slapshot by Henrik Sedin.
0:06 of 1st period - Stopped by Henrik Lundqvist with a rebound.
0:37 of 1st period - Wrist shot by Daniel Sedin.
0:37 of 1st period - Shot Blocked by Patrick Sharp.
0:39 of 1st period - Wrist shot by Daniel Sedin.
0:39 of 1st period - Deflect By Mikko Koivu.
0:39 of 1st period - Shot Blocked by Cam Barker.
0:39 of 1st period - Puck is out of play.
0:40 of 1st period - Adam Mair wins face-off versus Valtteri Filppula in Rangers zone.
1:05 of 1st period - Bryan Berard is hit by David Hale and loses puck.
1:34 of 1st period - Kyle McLaren is hit by Nikolai Zherdev.
3:24 of 1st period - Snap shot by Patrick Sharp.
3:24 of 1st period - Deflect By Patrice Bergeron.
3:24 of 1st period - Stopped by Martin Biron without a rebound.
3:25 of 1st period - Patrice Bergeron wins face-off versus Adam Mair in Sharks zone.
3:28 of 1st period - Wrist shot by Patrice Bergeron.
3:28 of 1st period - Stopped by Martin Biron with a rebound.
3:33 of 1st period - Icing by Filip Kuba.
3:34 of 1st period - Brad Richards wins face-off versus Sheldon Keefe in Sharks zone.
3:47 of 1st period - Snap shot by Brad Richards.
3:47 of 1st period - Shot Misses the Net.
3:59 of 1st period - Slapshot by Joni Pitkanen.
3:59 of 1st period - Deflect By Matt Moulson.
3:59 of 1st period - Shot Misses the Net.
3:59 of 1st period - Puck is out of play.
4:00 of 1st period - Patrice Bergeron wins face-off versus Henrik Sedin in Rangers zone.
4:14 of 1st period - Snap shot by Henrik Sedin.
4:14 of 1st period - Stopped by Henrik Lundqvist without a rebound.
4:15 of 1st period - Mikko Koivu wins face-off versus Brad Richards in Rangers zone.
4:55 of 1st period - Snap shot by Dustin Brown.
4:55 of 1st period - Stopped by Martin Biron without a rebound.
4:56 of 1st period - Henrik Sedin wins face-off versus Patrice Bergeron in Sharks zone.
5:44 of 1st period - Kimmo Timonen is hit by Filip Kuba and loses puck.
7:14 of 1st period - Slapshot by Mikko Koivu.
7:14 of 1st period - Stopped by Henrik Lundqvist with a rebound.
7:16 of 1st period - Snap shot by Ian Laperriere.
7:16 of 1st period - Deflect By Bryan Berard.
7:16 of 1st period - Shot Blocked by Kyle McLaren.
7:16 of 1st period - Puck is out of play.
7:17 of 1st period - Patrice Bergeron wins face-off versus Henrik Sedin in Rangers zone.
7:44 of 1st period - Slapshot by Alex Pietrangelo.
7:44 of 1st period - Stopped by Henrik Lundqvist with a rebound.
8:06 of 1st period - Snap shot by Filip Kuba.
8:06 of 1st period - Deflect By Martin Samuelsson.
8:06 of 1st period - Stopped by Henrik Lundqvist without a rebound.
8:07 of 1st period - Valtteri Filppula wins face-off versus Henrik Sedin in Rangers zone.
8:11 of 1st period - Off-side.
8:12 of 1st period - Patrice Bergeron wins face-off versus Henrik Sedin in neutral zone.
8:21 of 1st period - Snap shot by Patrick Sharp.
8:21 of 1st period - Stopped by Martin Biron without a rebound.
8:22 of 1st period - Patrice Bergeron wins face-off versus Henrik Sedin in Sharks zone.
9:43 of 1st period - Slapshot by Byron Ritchie.
9:43 of 1st period - Stopped by Martin Biron with a rebound.
10:07 of 1st period - Wrist shot by Martin Samuelsson.
10:07 of 1st period - Shot Misses the Net.
10:23 of 1st period - Adam Pardy is hit by Milan Lucic.
10:43 of 1st period - Adam Pardy is hit by Cam Barker and loses puck.
11:03 of 1st period - Slapshot by Joni Pitkanen.
11:03 of 1st period - Stopped by Henrik Lundqvist with a rebound.
11:16 of 1st period - Igor Radulov is hit by Sheldon Keefe and loses puck.
11:25 of 1st period - Snap shot by Igor Radulov.
11:25 of 1st period - Stopped by Martin Biron without a rebound.
11:26 of 1st period - Henrik Sedin wins face-off versus Brad Richards in Sharks zone.
11:28 of 1st period - Minor Penalty to Filip Kuba for Interference.
11:29 of 1st period - Brad Richards wins face-off versus Henrik Sedin in Sharks zone.
11:45 of 1st period - Wrist shot by Dustin Brown.
11:45 of 1st period - Shot Blocked by Shaone Morrisonn.
13:28 of 1st period - Penalty to Filip Kuba is over, Filip Kuba is back on ice.
13:35 of 1st period - Filip Kuba is hit by Valtteri Filppula and loses puck.
14:21 of 1st period - Minor Penalty to Mikko Koivu for Hooking.
14:22 of 1st period - Brad Richards wins face-off versus Henrik Sedin in Sharks zone.
14:23 of 1st period - Snap shot by Milan Lucic.
14:23 of 1st period - Shot Blocked by Joni Pitkanen.
14:25 of 1st period - Slapshot by Cam Barker.
14:25 of 1st period - Shot Misses the Net.
14:33 of 1st period - Snap shot by Dustin Brown.
14:33 of 1st period - Stopped by Martin Biron without a rebound.
14:34 of 1st period - Henrik Sedin wins face-off versus Brad Richards in Sharks zone.
15:35 of 1st period - Off-side.
15:36 of 1st period - Dany Heatley wins face-off versus Patrice Bergeron in neutral zone.
15:43 of 1st period - Wrist shot by Dany Heatley.
15:43 of 1st period - Shot Misses the Net.
16:21 of 1st period - Penalty to Mikko Koivu is over, Mikko Koivu is back on ice.
16:27 of 1st period - Snap shot by Milan Lucic.
16:27 of 1st period - Shot Misses the Net.
16:29 of 1st period - Backhand shot by Kimmo Timonen.
16:29 of 1st period - Shot Blocked by Joni Pitkanen.
16:47 of 1st period - Snap shot by Brad Richards.
16:47 of 1st period - Stopped by Martin Biron with a rebound.
16:49 of 1st period - Slapshot by Cam Barker.
16:49 of 1st period - Stopped by Martin Biron without a rebound.
16:50 of 1st period - Adam Mair wins face-off versus Patrice Bergeron in Sharks zone.
16:55 of 1st period - Patrick Sharp is hit by David Hale and loses puck.
17:00 of 1st period - Wrist shot by Adam Mair.
17:00 of 1st period - Stopped by Henrik Lundqvist without a rebound.
17:01 of 1st period - Patrice Bergeron wins face-off versus Daniel Sedin in Rangers zone.
17:10 of 1st period - Slapshot by Bryan Berard.
17:10 of 1st period - Shot Misses the Net.
17:12 of 1st period - Snap shot by Patrick Sharp.
17:12 of 1st period - Goal by Patrick Sharp - Sharks : 0 - Rangers : 1.
17:13 of 1st period - Brad Richards wins face-off versus Henrik Sedin in neutral zone.
17:40 of 1st period - Icing by Mikko Koivu.
17:41 of 1st period - Mikko Koivu wins face-off versus Patrice Bergeron in Sharks zone.
18:12 of 1st period - Wrist shot by Dany Heatley.
18:12 of 1st period - Stopped by Henrik Lundqvist with a rebound.
18:14 of 1st period - Snap shot by Teemu Selanne.
18:14 of 1st period - Stopped by Henrik Lundqvist without a rebound.
18:15 of 1st period - Henrik Sedin wins face-off versus Patrice Bergeron in Rangers zone.
18:28 of 1st period - Wrist shot by Dany Heatley.
18:28 of 1st period - Shot Blocked by Cam Barker.
18:52 of 1st period - Filip Kuba is hit by Matt Greene and loses puck.
19:14 of 1st period - Wrist shot by Henrik Sedin.
19:14 of 1st period - Shot Blocked by Mark Fistric.
19:38 of 1st period - Wrist shot by Byron Ritchie.
19:38 of 1st period - Deflect By Igor Radulov.
19:38 of 1st period - Stopped by Martin Biron without a rebound.
19:39 of 1st period - Mikko Koivu wins face-off versus Brad Richards in Sharks zone.
19:54 of 1st period - Alex Pietrangelo is hit by Brad Richards and loses puck.
Goals for this period are 0 for Sharks vs 1 for Rangers.
Shots for this period are 9 for Sharks vs 11 for Rangers.
2nd period
0:01 of 2nd period - Milan Lucic wins face-off versus Henrik Sedin in neutral zone.
1:32 of 2nd period - Wrist shot by Dustin Brown.
1:32 of 2nd period - Stopped by Martin Biron without a rebound.
1:33 of 2nd period - Henrik Sedin wins face-off versus Brad Richards in Sharks zone.
3:11 of 2nd period - Wrist shot by Brad Richards.
3:11 of 2nd period - Shot Misses the Net.
3:22 of 2nd period - Snap shot by Dustin Brown.
3:22 of 2nd period - Stopped by Martin Biron without a rebound.
3:23 of 2nd period - Patrice Bergeron wins face-off versus Mikko Koivu in Sharks zone.
3:36 of 2nd period - Snap shot by Ian Laperriere.
3:36 of 2nd period - Shot Misses the Net.
3:38 of 2nd period - Wrist shot by Filip Kuba.
3:38 of 2nd period - Shot Misses the Net.
4:37 of 2nd period - Wrist shot by Patrick Sharp.
4:37 of 2nd period - Stopped by Martin Biron without a rebound.
4:38 of 2nd period - Patrice Bergeron wins face-off versus Matt Moulson in Sharks zone.
4:57 of 2nd period - Minor Penalty to Filip Kuba for Tripping.
4:58 of 2nd period - Patrice Bergeron wins face-off versus Henrik Sedin in Sharks zone.
6:57 of 2nd period - Penalty to Filip Kuba is over, Filip Kuba is back on ice.
7:07 of 2nd period - Icing by Filip Kuba.
7:08 of 2nd period - Adam Mair wins face-off versus Byron Ritchie in Sharks zone.
7:08 of 2nd period - Adam Mair is hit by Igor Radulov.
7:14 of 2nd period - Snap shot by Joni Pitkanen.
7:14 of 2nd period - Shot Misses the Net.
7:16 of 2nd period - Slapshot by Filip Kuba.
7:16 of 2nd period - Deflect By Adam Mair.
7:16 of 2nd period - Shot Blocked by Byron Ritchie.
7:16 of 2nd period - Puck is out of play.
7:17 of 2nd period - Henrik Sedin wins face-off versus Brad Richards in Rangers zone.
7:30 of 2nd period - Wrist shot by Brad Richards.
7:30 of 2nd period - Stopped by Martin Biron with a rebound.
7:32 of 2nd period - Minor Penalty to Teemu Selanne for Roughing.
7:33 of 2nd period - Brad Richards wins face-off versus Henrik Sedin in Sharks zone.
7:38 of 2nd period - Slapshot by Brad Richards.
7:38 of 2nd period - Deflect By Dustin Brown.
7:38 of 2nd period - Stopped by Martin Biron with a rebound.
7:40 of 2nd period - Snap shot by Brad Richards.
7:40 of 2nd period - Shot Blocked by Henrik Sedin.
7:42 of 2nd period - Slapshot by Milan Lucic.
7:42 of 2nd period - Stopped by Martin Biron with a rebound.
7:44 of 2nd period - Wrist shot by Brad Richards.
7:44 of 2nd period - Stopped by Martin Biron with a rebound.
9:32 of 2nd period - Penalty to Teemu Selanne is over, Teemu Selanne is back on ice.
9:40 of 2nd period - Wrist shot by Adam Mair.
9:40 of 2nd period - Stopped by Henrik Lundqvist without a rebound.
9:41 of 2nd period - Valtteri Filppula wins face-off versus Adam Mair in Rangers zone.
10:14 of 2nd period - Slapshot by Alex Pietrangelo.
10:14 of 2nd period - Stopped by Henrik Lundqvist without a rebound.
10:15 of 2nd period - Brad Richards wins face-off versus Mikko Koivu in Rangers zone.
10:30 of 2nd period - Snap shot by Daniel Sedin.
10:30 of 2nd period - Stopped by Henrik Lundqvist without a rebound.
10:31 of 2nd period - Patrice Bergeron wins face-off versus Henrik Sedin in Rangers zone.
10:35 of 2nd period - Minor Penalty to Drew Stafford for Tripping.
10:36 of 2nd period - Henrik Sedin wins face-off versus Milan Lucic in Rangers zone.
10:39 of 2nd period - Snap shot by Teemu Selanne.
10:39 of 2nd period - Deflect By Milan Lucic.
10:39 of 2nd period - Stopped by Henrik Lundqvist with a rebound.
10:45 of 2nd period - Slapshot by Dany Heatley.
10:45 of 2nd period - Shot Blocked by Cam Barker.
10:47 of 2nd period - Snap shot by Dany Heatley.
10:47 of 2nd period - Goal by Dany Heatley - Sharks : 1 - Rangers : 1.
10:48 of 2nd period - Henrik Sedin wins face-off versus Brad Richards in neutral zone.
11:15 of 2nd period - Joni Pitkanen is hit by Patrick Sharp and loses puck.
11:39 of 2nd period - Joni Pitkanen is hit by Kyle McLaren and loses puck.
12:06 of 2nd period - Henrik Sedin is hit by Matt Greene and loses puck.
12:43 of 2nd period - Slapshot by Martin Samuelsson.
12:43 of 2nd period - Goal by Martin Samuelsson - Sharks : 2 - Rangers : 1.
12:44 of 2nd period - Henrik Sedin wins face-off versus Brad Richards in neutral zone.
12:49 of 2nd period - Slapshot by Teemu Selanne.
12:49 of 2nd period - Shot Blocked by Kimmo Timonen.
12:51 of 2nd period - Wrist shot by Teemu Selanne.
12:51 of 2nd period - Stopped by Henrik Lundqvist without a rebound.
12:52 of 2nd period - Henrik Sedin wins face-off versus Brad Richards in Rangers zone.
12:56 of 2nd period - Minor Penalty to Henrik Sedin for Cross-checking.
12:57 of 2nd period - Brad Richards wins face-off versus Ian Laperriere in Sharks zone.
12:59 of 2nd period - Minor Penalty to Kimmo Timonen for Cross-checking.
13:00 of 2nd period - Brad Richards wins face-off versus Matt Moulson in Rangers zone.
13:55 of 2nd period - Bryan Berard is hit by Shaone Morrisonn and loses puck.
14:12 of 2nd period - Snap shot by Patrick Sharp.
14:12 of 2nd period - Shot Misses the Net.
14:21 of 2nd period - Icing by Adam Mair.
14:22 of 2nd period - Adam Mair wins face-off versus Brad Richards in Sharks zone.
14:56 of 2nd period - Penalty to Henrik Sedin is over, Henrik Sedin is back on ice.
14:59 of 2nd period - Penalty to Kimmo Timonen is over, Kimmo Timonen is back on ice.
15:06 of 2nd period - Slapshot by Filip Kuba.
15:06 of 2nd period - Stopped by Henrik Lundqvist without a rebound.
15:07 of 2nd period - Henrik Sedin wins face-off versus Patrice Bergeron in Rangers zone.
15:45 of 2nd period - Snap shot by Alex Pietrangelo.
15:45 of 2nd period - Stopped by Henrik Lundqvist without a rebound.
15:46 of 2nd period - Mikko Koivu wins face-off versus Mikko Lehtonen in Rangers zone.
16:11 of 2nd period - Milan Lucic is hit by Teemu Selanne.
16:15 of 2nd period - Wrist shot by Henrik Sedin.
16:15 of 2nd period - Shot Misses the Net.
16:17 of 2nd period - Snap shot by Teemu Selanne.
16:17 of 2nd period - Shot Misses the Net.
16:19 of 2nd period - Slapshot by Teemu Selanne.
16:19 of 2nd period - Shot Blocked by Kimmo Timonen.
16:21 of 2nd period - Slapshot by Filip Kuba.
16:21 of 2nd period - Stopped by Henrik Lundqvist with a rebound.
17:18 of 2nd period - Off-side.
17:19 of 2nd period - Mikko Koivu wins face-off versus Brad Richards in neutral zone.
17:24 of 2nd period - Wrist shot by Mikko Koivu.
17:24 of 2nd period - Stopped by Henrik Lundqvist with a rebound.
17:26 of 2nd period - Snap shot by Mikko Koivu.
17:26 of 2nd period - Goal by Mikko Koivu - Sharks : 3 - Rangers : 1.
17:27 of 2nd period - Henrik Sedin wins face-off versus Brad Richards in neutral zone.
17:38 of 2nd period - Milan Lucic is hit by Henrik Sedin.
18:19 of 2nd period - Snap shot by Alexandre Burrows.
18:19 of 2nd period - Shot Blocked by Shaone Morrisonn.
18:21 of 2nd period - Slapshot by Bryan Berard.
18:21 of 2nd period - Stopped by Martin Biron with a rebound.
18:23 of 2nd period - Snap shot by Matt Read.
18:23 of 2nd period - Shot Misses the Net.
19:01 of 2nd period - Wrist shot by Kyle McLaren.
19:01 of 2nd period - Deflect By Milan Lucic.
19:01 of 2nd period - Shot Blocked by David Krejci.
19:01 of 2nd period - Puck is out of play.
19:02 of 2nd period - Brad Richards wins face-off versus Mikko Koivu in Sharks zone.
19:03 of 2nd period - Snap shot by Milan Lucic.
19:03 of 2nd period - Stopped by Martin Biron without a rebound.
19:04 of 2nd period - Brad Richards wins face-off versus Mikko Koivu in Sharks zone.
19:13 of 2nd period - Snap shot by Brad Richards.
19:13 of 2nd period - Stopped by Martin Biron with a rebound.
19:15 of 2nd period - Snap shot by Milan Lucic.
19:15 of 2nd period - Shot Misses the Net.
19:17 of 2nd period - Slapshot by Cam Barker.
19:17 of 2nd period - Stopped by Martin Biron with a rebound.
19:19 of 2nd period - Slapshot by Cam Barker.
19:19 of 2nd period - Shot Blocked by Joni Pitkanen.
19:28 of 2nd period - Icing by Dany Heatley.
19:29 of 2nd period - Patrice Bergeron wins face-off versus Henrik Sedin in Sharks zone.
19:58 of 2nd period - Wrist shot by Milan Lucic.
19:58 of 2nd period - Shot Misses the Net.
Goals for this period are 3 for Sharks vs 0 for Rangers.
Shots for this period are 12 for Sharks vs 11 for Rangers.
3rd period
0:01 of 3rd period - Henrik Sedin wins face-off versus Brad Richards in neutral zone.
0:08 of 3rd period - Backhand shot by Dany Heatley.
0:08 of 3rd period - Shot Blocked by Kimmo Timonen.
0:38 of 3rd period - Patrick Sharp is hit by Ian Laperriere and loses puck.
1:14 of 3rd period - Wrist shot by Brad Richards.
1:14 of 3rd period - Shot Misses the Net.
1:16 of 3rd period - Snap shot by Dustin Brown.
1:16 of 3rd period - Stopped by Martin Biron with a rebound.
1:18 of 3rd period - Slapshot by Kimmo Timonen.
1:18 of 3rd period - Shot Misses the Net.
1:20 of 3rd period - Slapshot by Cam Barker.
1:20 of 3rd period - Shot Misses the Net.
1:47 of 3rd period - Minor Penalty to Nikolai Zherdev for Slashing.
1:48 of 3rd period - Henrik Sedin wins face-off versus Brad Richards in Sharks zone.
2:13 of 3rd period - Henrik Sedin is hit by Patrice Bergeron and loses puck.
2:20 of 3rd period - Wrist shot by Drew Stafford.
2:20 of 3rd period - Stopped by Martin Biron with a rebound.
2:22 of 3rd period - Snap shot by Patrick Sharp.
2:22 of 3rd period - Stopped by Martin Biron with a rebound.
2:32 of 3rd period - Snap shot by Filip Kuba.
2:32 of 3rd period - Deflect By Teemu Selanne.
2:32 of 3rd period - Shot Blocked by Brad Richards.
2:32 of 3rd period - Puck is out of play.
2:33 of 3rd period - Brad Richards wins face-off versus Dany Heatley in Rangers zone.
3:03 of 3rd period - Wrist shot by Dustin Brown.
3:03 of 3rd period - Shot Misses the Net.
3:05 of 3rd period - Slapshot by Kimmo Timonen.
3:05 of 3rd period - Goal by Kimmo Timonen - Sharks : 3 - Rangers : 2.
3:06 of 3rd period - Henrik Sedin wins face-off versus Patrice Bergeron in neutral zone.
3:28 of 3rd period - Minor Penalty to Drew Stafford for Holding.
3:29 of 3rd period - Brad Richards wins face-off versus Henrik Sedin in Rangers zone.
3:44 of 3rd period - Slapshot by Joni Pitkanen.
3:44 of 3rd period - Shot Misses the Net.
3:50 of 3rd period - Minor Penalty to Kimmo Timonen for Interference.
3:51 of 3rd period - Brad Richards wins face-off versus Henrik Sedin in Rangers zone.
3:56 of 3rd period - Slapshot by Cam Barker.
3:56 of 3rd period - Stopped by Martin Biron with a rebound.
4:16 of 3rd period - Cam Barker is hit by Daniel Sedin.
4:28 of 3rd period - Kyle McLaren is hit by Teemu Selanne and loses puck.
5:28 of 3rd period - Penalty to Drew Stafford is over, Drew Stafford is back on ice.
5:50 of 3rd period - Penalty to Kimmo Timonen is over, Kimmo Timonen is back on ice.
6:04 of 3rd period - Snap shot by Kimmo Timonen.
6:04 of 3rd period - Shot Misses the Net.
6:06 of 3rd period - Slapshot by Kyle McLaren.
6:06 of 3rd period - Deflect By Milan Lucic.
6:06 of 3rd period - Stopped by Martin Biron with a rebound.
6:08 of 3rd period - Snap shot by Milan Lucic.
6:08 of 3rd period - Shot Blocked by Adam Mair.
6:10 of 3rd period - Snap shot by Kimmo Timonen.
6:10 of 3rd period - Stopped by Martin Biron with a rebound.
6:54 of 3rd period - Snap shot by Kimmo Timonen.
6:54 of 3rd period - Stopped by Martin Biron without a rebound.
6:55 of 3rd period - Patrice Bergeron wins face-off versus Henrik Sedin in Sharks zone.
7:00 of 3rd period - Slapshot by Patrice Bergeron.
7:00 of 3rd period - Stopped by Martin Biron without a rebound.
7:01 of 3rd period - Henrik Sedin wins face-off versus Patrice Bergeron in Sharks zone.
7:01 of 3rd period - Henrik Sedin is hit by Patrick Sharp.
7:17 of 3rd period - Slapshot by Patrice Bergeron.
7:17 of 3rd period - Goal by Patrice Bergeron - Sharks : 3 - Rangers : 3.
7:18 of 3rd period - Patrice Bergeron wins face-off versus Henrik Sedin in neutral zone.
7:31 of 3rd period - Snap shot by Drew Stafford.
7:31 of 3rd period - Stopped by Martin Biron with a rebound.
7:33 of 3rd period - Slapshot by Cam Barker.
7:33 of 3rd period - Shot Blocked by David Hale.
7:43 of 3rd period - Matt Read is hit by Ian Laperriere and loses puck.
8:10 of 3rd period - Snap shot by Adam Mair.
8:10 of 3rd period - Stopped by Henrik Lundqvist with a rebound.
8:12 of 3rd period - Snap shot by Adam Mair.
8:12 of 3rd period - Shot Misses the Net.
8:24 of 3rd period - Cam Barker is hit by David Hale and loses puck.
9:24 of 3rd period - Icing by Daniel Sedin.
9:25 of 3rd period - Henrik Sedin wins face-off versus Byron Ritchie in Sharks zone.
10:22 of 3rd period - Backhand shot by Mikko Koivu.
10:22 of 3rd period - Shot Blocked by Matt Greene.
10:46 of 3rd period - Snap shot by Martin Samuelsson.
10:46 of 3rd period - Shot Misses the Net.
10:48 of 3rd period - Wrist shot by Nikolai Zherdev.
10:48 of 3rd period - Stopped by Henrik Lundqvist without a rebound.
10:49 of 3rd period - Brad Richards wins face-off versus Mikko Koivu in Rangers zone.
10:56 of 3rd period - Backhand shot by Ian Laperriere.
10:56 of 3rd period - Shot Blocked by Bryan Berard.
10:58 of 3rd period - Slapshot by Filip Kuba.
10:58 of 3rd period - Stopped by Henrik Lundqvist with a rebound.
11:00 of 3rd period - Backhand shot by Daniel Sedin.
11:00 of 3rd period - Stopped by Henrik Lundqvist without a rebound.
11:01 of 3rd period - Mikko Koivu wins face-off versus Brad Richards in Rangers zone.
11:30 of 3rd period - Wrist shot by Henrik Sedin.
11:30 of 3rd period - Shot Hit the Post.
11:37 of 3rd period - Minor Penalty to Patrice Bergeron for Hooking.
11:38 of 3rd period - Brad Richards wins face-off versus Henrik Sedin in Rangers zone.
11:52 of 3rd period - Wrist shot by Henrik Sedin.
11:52 of 3rd period - Stopped by Henrik Lundqvist with a rebound.
12:01 of 3rd period - Icing by Filip Kuba.
12:02 of 3rd period - Henrik Sedin wins face-off versus Brad Richards in Sharks zone.
12:41 of 3rd period - Slapshot by Dany Heatley.
12:41 of 3rd period - Stopped by Henrik Lundqvist without a rebound.
12:42 of 3rd period - Mikko Koivu wins face-off versus Brad Richards in Rangers zone.
13:37 of 3rd period - Penalty to Patrice Bergeron is over, Patrice Bergeron is back on ice.
13:58 of 3rd period - Patrice Bergeron is hit by Sheldon Keefe and loses puck.
15:01 of 3rd period - Minor Penalty to Alex Pietrangelo for High sticking.
15:02 of 3rd period - Brad Richards wins face-off versus Henrik Sedin in Sharks zone.
15:14 of 3rd period - Backhand shot by Brad Richards.
15:14 of 3rd period - Stopped by Martin Biron without a rebound.
15:15 of 3rd period - Henrik Sedin wins face-off versus Brad Richards in Sharks zone.
15:15 of 3rd period - Henrik Sedin is hit by Brad Richards.
15:23 of 3rd period - Kimmo Timonen is hit by Shaone Morrisonn and loses puck.
17:01 of 3rd period - Penalty to Alex Pietrangelo is over, Alex Pietrangelo is back on ice.
17:16 of 3rd period - Wrist shot by David Krejci.
17:16 of 3rd period - Shot Blocked by Kimmo Timonen.
17:18 of 3rd period - Wrist shot by Nikolai Zherdev.
17:18 of 3rd period - Shot Misses the Net.
17:24 of 3rd period - Minor Penalty to Matt Read for Tripping.
17:25 of 3rd period - Dany Heatley wins face-off versus Brad Richards in Rangers zone.
17:40 of 3rd period - Teemu Selanne is hit by Brad Richards and loses puck.
19:24 of 3rd period - Penalty to Matt Read is over, Matt Read is back on ice.
19:42 of 3rd period - Icing by Alex Pietrangelo.
19:43 of 3rd period - Henrik Sedin wins face-off versus Valtteri Filppula in Sharks zone.
19:43 of 3rd period - Henrik Sedin is hit by Mark Fistric.
Goals for this period are 0 for Sharks vs 2 for Rangers.
Shots for this period are 6 for Sharks vs 12 for Rangers.
Overtime #1
0:01 of 1st overtime period - Henrik Sedin wins face-off versus Brad Richards in neutral zone.
0:03 of 1st overtime period - Off-side.
0:04 of 1st overtime period - Henrik Sedin wins face-off versus Brad Richards in neutral zone.
0:47 of 1st overtime period - Backhand shot by Patrick Sharp.
0:47 of 1st overtime period - Shot Blocked by Henrik Sedin.
1:06 of 1st overtime period - Slapshot by Alex Pietrangelo.
1:06 of 1st overtime period - Deflect By Mikko Koivu.
1:06 of 1st overtime period - Shot Hit the Post.
1:06 of 1st overtime period - Puck is out of play.
1:07 of 1st overtime period - Henrik Sedin wins face-off versus Brad Richards in Rangers zone.
1:23 of 1st overtime period - Off-side.
1:24 of 1st overtime period - Brad Richards wins face-off versus Mikko Koivu in neutral zone.
1:29 of 1st overtime period - Icing by Dany Heatley.
1:30 of 1st overtime period - Mikko Koivu wins face-off versus Brad Richards in Sharks zone.
1:47 of 1st overtime period - Wrist shot by Henrik Sedin.
1:47 of 1st overtime period - Stopped by Henrik Lundqvist without a rebound.
1:48 of 1st overtime period - Brad Richards wins face-off versus Henrik Sedin in Rangers zone.
2:50 of 1st overtime period - Snap shot by Valtteri Filppula.
2:50 of 1st overtime period - Stopped by Martin Biron without a rebound.
2:51 of 1st overtime period - Alexandre Burrows wins face-off versus Matt Moulson in Sharks zone.
3:41 of 1st overtime period - Wrist shot by Patrick Sharp.
3:41 of 1st overtime period - Deflect By Patrice Bergeron.
3:41 of 1st overtime period - Shot Blocked by Filip Kuba.
3:41 of 1st overtime period - Puck is out of play.
3:42 of 1st overtime period - Brad Richards wins face-off versus Henrik Sedin in Sharks zone.
4:15 of 1st overtime period - Slapshot by Patrick Sharp.
4:15 of 1st overtime period - Shot Misses the Net.
4:17 of 1st overtime period - Snap shot by Patrick Sharp.
4:17 of 1st overtime period - Shot Blocked by Shaone Morrisonn.
4:19 of 1st overtime period - Slapshot by Kyle McLaren.
4:19 of 1st overtime period - Shot Misses the Net.
4:21 of 1st overtime period - Slapshot by Bryan Berard.
4:21 of 1st overtime period - Deflect By Patrick Sharp.
4:21 of 1st overtime period - Stopped by Martin Biron with a rebound.
Goals for this period are 0 for Sharks vs 0 for Rangers.
Shots for this period are 1 for Sharks vs 2 for Rangers.
ShootOut
5:00 of 1st overtime period - Penalty Shot by Teemu Selanne for Sharks.
5:00 of 1st overtime period - Backhand shot by Teemu Selanne.
5:00 of 1st overtime period - Shot Misses the Net.
5:00 of 1st overtime period - Penalty Shot by Brad Richards for Rangers.
5:00 of 1st overtime period - Snap shot by Brad Richards.
5:00 of 1st overtime period - Stopped by Martin Biron.
5:00 of 1st overtime period - Penalty Shot by Dany Heatley for Sharks.
5:00 of 1st overtime period - Wrist shot by Dany Heatley.
5:00 of 1st overtime period - Goal by Dany Heatley.
5:00 of 1st overtime period - Penalty Shot by Milan Lucic for Rangers.
5:00 of 1st overtime period - Wrist shot by Milan Lucic.
5:00 of 1st overtime period - Stopped by Martin Biron.
5:00 of 1st overtime period - Penalty Shot by Daniel Sedin for Sharks.
5:00 of 1st overtime period - Snap shot by Daniel Sedin.
5:00 of 1st overtime period - Shot Misses the Net.
5:00 of 1st overtime period - Penalty Shot by Patrick Sharp for Rangers.
5:00 of 1st overtime period - Wrist shot by Patrick Sharp.
5:00 of 1st overtime period - Shot Misses the Net.
Output by the SimonT Hockey Simulator (STHS) for François Prévost -- Original Page W3C XHTML 1.0 Valid